AoeStats
← TireTinTin

Black Forest

511032878Analyzed
3v3 RM · 8h ago on Oct 3, 2026· 47m 28s· 6 players
Game mode
Random Map
Map size
Normal (6 player)
Population
200
Speed
Normal
Resources
Standard
Victory
Conquest
Starting age
Dark Age
Ending age
Imperial Age
RankedLock teamsTeams togetherTeam positionsShared explorationLock speedFull tech treeHidden civsTurbo modeCheats
Victory
Defeat
🇹🇼 Bohemians · Taiwan
1036
+14
🇦🇷 Britons · Argentina
962
+17
🇹🇼 Cumans · Taiwan
936
+18
🇲🇳 Vikings · Mongolia
994
-17
🇲🇳 Mongols · Mongolia
992
-17
🇲🇳 Vietnamese · Mongolia
943
-15
MN_AOE2
13:30 Feudal Age
16:09 Double-Bit Axe
16:07 Horse Collar
16:45 Loom
Baalalala
0:37 Loom
11:51 Feudal Age
17:51 Castle Age
34:15 Horse Collar
34:22 Double-Bit Axe
43:01 Castle Age
44:58 Gold Mining
44:58 Stone Mining
46:31 Squires
ARNOLD
0:51 Loom
12:36 Feudal Age
17:36 Castle Age
16:19 Double-Bit Axe
21:02 Horse Collar
24:25 Squires
24:28 Scale Mail Armor
24:39 Forging
27:20 Gold Mining
29:04 Arson
36:37 Chain Mail Armor
37:54 Heavy Plow
41:11 Town Watch
45:50 Padded Archer Armor
45:45 Fletching
45:27 Elite Skirmisher
ChenEn
0:41 Loom
12:14 Feudal Age
17:23 Castle Age
15:15 Double-Bit Axe
19:15 Fervor
23:39 Horse Collar
29:14 Chemistry
28:35 Ballistics
32:03 Imperial Age
29:32 Pikeman
30:12 Squires
29:58 Arson
31:26 Fletching
32:35 Wheelbarrow
34:41 Bodkin Arrow
34:46 Padded Archer Armor
37:54 Forging
38:23 Siege Engineers
42:29 Iron Casting
41:55 Bracer
41:48 Halberdier
46:07 Leather Archer Armor
46:52 Blast Furnace
45:53 Scale Mail Armor
46:22 Redemption
46:34 Sanctity
46:30 Block Printing
46:40 Conscription
45:41 Elite Hussite Wagon
minggawu
0:36 Loom
11:19 Feudal Age
11:30 Man-at-Arms
12:41 Arson
28:18 Castle Age
28:24 Wheelbarrow
30:09 Horse Collar
33:46 Hand Cart
33:55 Town Watch
35:31 Fletching
36:03 Double-Bit Axe
TireTinTin
1:42 Loom
11:32 Feudal Age
12:55 Horse Collar
13:02 Double-Bit Axe
20:34 Castle Age
18:31 Gold Mining
20:19 Stone Mining
21:47 Wheelbarrow
21:13 Fletching
21:02 Crossbowman
23:05 Bow Saw
24:08 Gold Shaft Mining
26:37 Hand Cart
29:50 Bodkin Arrow
29:56 Padded Archer Armor
30:19 Ballistics
35:00 Imperial Age
32:24 Treadmill Crane
34:11 Leather Archer Armor
36:11 Bracer
36:42 Ring Archer Armor
37:14 Chemistry
36:20 Siege Engineers
36:03 Elite Longbowman
38:19 Two-Man Saw
38:10 Conscription
40:25 Town Watch
42:25 Yeomen
42:06 Warwolf
44:41 Masonry
44:27 Murder Holes
Connection lost

Rejoining the realm…

Still unreachable

The connection could not be restored.

Session expired

The server has moved on; the page needs a fresh start.